 Dungeon Crawl Stone Soup version 0.25-a0-294-gea9b1ad (webtiles) character file.

Game seed: 6353551102865634876, levelgen mode: deterministic

210 MrTaco21 the Cudgeler (level 5, -4/32 HPs)
             Began as a Gargoyle Fighter on Dec 18, 2019.
             Slain by Duvessa
             ... wielding a +0 rapier
              (5 damage)
             ... on level 4 of the Dungeon.
             The game lasted 00:05:26 (2886 turns).

MrTaco21 the Cudgeler (Gargoyle Fighter)            Turns: 2886, Time: 00:05:27

Health: -4/32      AC: 14    Str: 25    XL:     5   Next: 87%
Magic:  5/5        EV:  7    Int:  9    God:
Gold:   170        SH:  9    Dex:  9    Spells: 4/4 levels left

rFire    . . .     SeeInvis .   n - +1 whip (venom)
rCold    + . .     Gourm    .   l - +0 shield
rNeg     + . .     Faith    .   b - +0 scale mail
rPois    ∞         Spirit   .   z - +2 helmet
rElec    +         Reflect  .   (no cloak)
rCorr    .         Harm     .   (no gloves)
MR       .....                  (no boots)
Stlth    ..........             (no amulet)
HPRegen  0.10/turn              o - ring of protection from cold
MPRegen  0.09/turn              (no ring)

@: mighty
A: negative energy resistance 1, electricity resistance, unbreathing,
petrification resistance, rot immunity, AC +4
a: no special abilities


You were on level 4 of the Dungeon.
You were hungry.

You visited 1 branch of the dungeon, and saw 4 of its levels.

You collected 170 gold pieces.

Inventory:

Hand Weapons
 n - a +1 whip of venom (weapon)
   (You found it on level 2 of the Dungeon)
Armour
 b - a +0 scale mail (worn)
 l - a +0 shield (worn)
   (You found it on level 1 of the Dungeon)
 z - a +2 helmet (worn)
   (You found it on level 3 of the Dungeon)
 B - a +0 cloak
   (You took it off Crazy Yiuf on level 3 of the Dungeon)
Jewellery
 o - a ring of protection from cold (left hand)
   (You took it off a goblin on level 3 of the Dungeon)
Wands
 c - a wand of disintegration (13)
   (You found it on level 3 of the Dungeon)
 t - a wand of flame (10)
   (You took it off Terence on level 3 of the Dungeon)
 x - a wand of acid (10)
   (You found it on level 3 of the Dungeon)
Scrolls
 g - a scroll of amnesia {unknown}
 h - 2 scrolls of identify {@r1}
 i - 2 scrolls of fear {unknown}
 j - a scroll of teleportation {unknown}
 p - a scroll of blinking {unknown}
 s - 2 scrolls of enchant armour {unknown}
 u - 2 scrolls of remove curse {unknown}
 v - 2 scrolls of random uselessness {unknown}
 w - 2 scrolls of immolation {unknown}
Potions
 a - a potion of flight {unknown}
 f - 2 potions of haste {unknown}
 k - a potion of invisibility {unknown}
 m - 2 potions of heal wounds {unknown}
 q - a potion of curing {unknown}
 y - a potion of mutation {unknown}
 A - a potion of degeneration {unknown}
Comestibles
 e - 4 rations {!d}
 r - a chunk of flesh


   Skills:
 - Level 3.2 Fighting
 * Level 5.9 Maces & Flails
 - Level 3.2 Armour
 - Level 3.2 Shields


You had 4 spell levels left.
You didn't know any spells.
Your spell library was empty.

Dungeon Overview and Level Annotations

Branches:
Dungeon (4/15)
 Temple: D:4-7

Altars:

Annotations:
D:4 Duvessa


Innate Abilities, Weirdness & Mutations

You are resistant to torment.
Your stone body is resilient. (AC +4)
You are immune to poison.
You resist negative energy. (rN+)
You are resistant to electric shocks. (rElec)
You can survive without breathing.
You are immune to petrification.
You are immune to rotting.


Message History

Some of the chunks of flesh in your inventory have rotted away.
There is a stone staircase leading down here.
You climb downwards.
There is a stone staircase leading up here.
Some of the chunks of flesh in your inventory have rotted away.
Found an orange potion.
Dowan, Brother of Duvessa comes into view.
He is wielding a +0 dagger of speed.
Dowan shouts!
Dowan gestures at you while chanting.
The puff of flame hits you but does no damage.
Some of the chunks of flesh in your inventory have rotted away.
Dowan mumbles some strange words.
Dowan blinks!
Dowan points at you and mumbles some strange words.
You block the puff of flame.
You barely miss Dowan. Dowan hits you but does no damage. x2
You closely miss Dowan. You block Dowan's attack.
You closely miss Dowan. You block Dowan's attack.
You whack Dowan!
Dowan is poisoned.
Dowan says, "My weaknesses are her strengths!"
You block Dowan's attack.
You closely miss Dowan. You block Dowan's attack.
You closely miss Dowan. Dowan hits you but does no damage.
You hit Dowan but do no damage.
Dowan looks as sick as possible!
Dowan hits you but does no damage.
You miss Dowan. Dowan barely misses you.
You hit Dowan.
You kill Dowan!
You hear a distant scream of rage.
Things that are here:
a +0 dagger of speed; a cursed -1 robe Duvessa, Sister of Dowan comes into view.
She is wielding a +0 rapier.
Duvessa goes berserk!
You are feeling hungry.
You block Duvessa's attack. Duvessa hits you with a +0 rapier!
You hit Duvessa but do no damage.
Duvessa is poisoned.
Duvessa hits you with a +0 rapier!
* * * LOW HITPOINT WARNING * * *
You closely miss Duvessa. Duvessa hits you with a +0 rapier.
* * * LOW HITPOINT WARNING * * *
You feel very mighty all of a sudden. Duvessa barely misses you.
Duvessa hits you with a +0 rapier!
* * * LOW HITPOINT WARNING * * *
You whack Duvessa! You block Duvessa's attack.
You completely miss Duvessa. Duvessa hits you but does no damage.
You hit Duvessa. Duvessa hits you but does no damage.
You closely miss Duvessa. Duvessa hits you but does no damage.
You whack Duvessa!
Duvessa looks even sicker.
You block Duvessa's attack. x2
You barely miss Duvessa. Duvessa hits you with a +0 rapier.
You die...

.......!... ..........#
..........# ..........
.........# #......#
##......#
.........#################
###.........e@........)..#
#.......#############.##
.........#....##.# #.#
...######.#.##.##.# #.#
... #.#.##....# #.# ..
######.#.#####.# #.#
.........# #.# #.#
########.# #.#####.# #.#
#.......#


You could see Duvessa (berserk).

Vanquished Creatures
  Dowan (D:4)
  Crazy Yiuf (D:3)
  Terence (D:3)
  3 adders (D:3)
  4 dart slugs
  2 leopard geckos (D:2)
  3 orcs (D:3)
  2 giant cockroaches
  9 goblins
  11 hobgoblins
  5 jackals
  A quokka (D:2)
  2 ball pythons (D:1)
  6 bats
  6 frilled lizards
  6 kobolds
  4 rats
67 creatures vanquished.

Notes
Turn   | Place    | Note
-------+----------+-------------------------------------------
     0 | D:1      | MrTaco21 the Gargoyle Fighter began the quest for the Orb.
     0 | D:1      | Reached XP level 1. HP: 14/14 MP: 1/1
   180 | D:1      | Reached XP level 2. HP: 19/19 MP: 2/2
   309 | D:1      | Reached skill level 3 in Maces & Flails
   919 | D:2      | Reached XP level 3. HP: 21/23 MP: 3/3
  1724 | D:3      | Reached skill level 4 in Maces & Flails
  1724 | D:3      | Reached XP level 4. HP: 20/28 MP: 4/4
  1922 | D:3      | Noticed Terence
  1933 | D:3      | Killed Terence
  1988 | D:3      | Reached skill level 5 in Maces & Flails
  1988 | D:3      | Reached XP level 5. HP: 13/32 MP: 5/5
  2367 | D:3      | Found a runed translucent door.
  2368 | D:3      | Noticed Crazy Yiuf
  2713 | D:3      | Killed Crazy Yiuf
  2815 | D:4      | Noticed Dowan
  2853 | D:4      | Killed Dowan
  2869 | D:4      | Noticed Duvessa
  2880 | D:4      | HP: 1/32 [Duvessa/+0 rapier (12)]
  2886 | D:4      | Slain by Duvessa

Levels and vault maps discovered:
D:1:      minmay_arrival_loop, layout_loops_ring, serial_forest,
          infiniplex_forest_lined_4_way, infiniplex_forest_straight_4,
          infiniplex_forest_3_way, infiniplex_forest_straight_3,
          infiniplex_forest_clump_tiny, minmay_unequal
D:2:      layout_basic, st_stairs_1
D:3:      layout_loops_ring, minmay_misc_feat_secret_circle,
          minmay_misc_feat_iff, uniq_terence, uniq_crazy_yiuf_cottage
D:4:      layout_basic, uniq_duvessa, uniq_natasha, uniq_blork_the_orc,
          uniq_pikel

Skill      XL: |  1  2  3  4 |
---------------+-------------+-----
Maces & Flails | 3 4 5 |  5.9
Fighting       | |  3.2
Armour         | |  3.2
Shields        | |  3.2

Action                   |  1- 3 |  4- 6 || total
-------------------------+-------+-------++-------
Melee: Flail             |    92 |       ||    92
       Whip              |    48 |   104 ||   152
  Use: Scroll            |       |     1 ||     1
       Potion            |       |     1 ||     1
  Eat: Chunk             |     2 |     4 ||     6
Armor: Scale mail        |    77 |    40 ||   117
Dodge: Dodged            |    39 |    17 ||    56
Block: Shield            |    72 |    44 ||   116

Table legend:
 A = Non-vault XP
 B = Vault XP
 C = Vault XP percentage of total XP
 D = Non-vault monster count
 E = Vault monster count
 F = Vault count percentage of total count
                 A         B        C        D         E       F
            +---------+---------+-------+---------+---------+-------
      Total |     145 |     155 |  51.7 |      59 |       8 |  11.9
            +---------+---------+-------+---------+---------+-------
        D:1 |      21 |       3 |  12.5 |      13 |       2 |  13.3
        D:2 |      31 |       9 |  22.5 |      17 |       3 |  15.0
        D:3 |      93 |      76 |  45.0 |      29 |       2 |   6.5
        D:4 |       0 |      67 | 100.0 |       0 |       1 | 100.0
            +---------+---------+-------+---------+---------+-------
